 Dungeon Crawl Stone Soup version 0.31-a0-1620-gcbf77bbcfc (webtiles) character file.

Game seed: 5601797380960191714

3369 Flugslaktarn the Fighter (level 9, -10/77 (85) HPs)
             Began as a Minotaur Fighter on Jan 11, 2024.
             Was a Priest of Okawaru.
             Mangled by an orc warrior
             ... wielding a +1 halberd of electrocution
              (13 damage)
             ... in a bailey.
             The game lasted 00:03:32 (6477 turns).

Flugslaktarn the Fighter (Minotaur Fighter)         Turns: 6477, Time: 00:03:32

HP:   -10/77 (85)   AC: 13    Str: 26    XL:     9   Next: 73%
MP:   10/10         EV:  8    Int:  5    God:    Okawaru [***...]
Gold: 415           SH:  5    Dex:  9    Spells: 8/8 levels left

rFire   . . .        a - +1 war axe
rCold   . . .        c - +0 buckler
rNeg    . . .        o - +0 chain mail
rPois   .            (helmet restricted)
rElec   .            m - +0 cloak {Will+}
rCorr   .            (no gloves)
SInv    .            s - +0 pair of boots
Will    +....        (no amulet) Stlth
                     j - +4 ring of slaying
HPRegen 0.32/turn    (no ring)
MPRegen 0.12/turn

%: no passive effects
@: drained
A: horns 2, retaliatory headbutt
a: Renounce Religion, Heroism


You were in a bailey.
You worshipped Okawaru.
Okawaru was most pleased with you.
You visited 2 branches of the dungeon, and saw 8 of its levels.
You also visited: Bailey.

You collected 415 gold pieces.

Inventory:

Hand Weapons
 a - a +1 war axe (weapon)
Missiles
 h - 4 throwing nets (quivered)
Armour
 c - a +0 buckler (worn)
 m - a +0 cloak of willpower (worn)
   (You found it on level 1 of the Dungeon)
 o - a +0 chain mail (worn)
   (You found it on level 3 of the Dungeon)
 s - a +0 pair of boots (worn)
   (You found it on level 3 of the Dungeon)
Jewellery
 j - a +4 ring of slaying (left hand)
   (You found it on level 2 of the Dungeon)
Scrolls
 f - a scroll of enchant weapon
 g - a scroll of fog
 i - a scroll of fear
 p - a scroll of vulnerability
Potions
 b - 3 potions of brilliance {unknown}
 d - a potion of might
 e - a potion of resistance {unknown}
 k - 2 potions of enlightenment
 l - 3 potions of invisibility
 n - 2 potions of attraction
 q - 2 potions of curing
 t - a potion of mutation {unknown}


   Skills:
 * Level 10.0 Fighting
 * Level 9.6 Axes
 + Level 7.4 Armour
 + Level 7.5 Shields
 + Level 3.2 Invocations


You had 8 spell levels left.
You didn't know any spells.
Your spell library contained the following spells:

 Spells                   Type           Power      Damage    Failure   Level
 Apportation              Tloc           0%         N/A       95%         1
 Necrotise                Necr           0%         1d4       95%         1
 Sting                    Conj/Alch      0%         1d3       95%         1
 Frozen Ramparts          Ice            0%         1d1       100%        3
 Stone Arrow              Conj/Erth      0%         3d7       100%        3
 Leda's Liquefaction      Alch/Erth      0%         N/A       100%        4
 Petrify                  Alch/Erth      0%         N/A       100%        4
 Metabolic Englaciation   Hex/Ice        0%         N/A       100%        5
 Lehudib's Crystal Spear  Conj/Erth      0%         10d2      100%        8
 Summon Small Mammal      Summ           Unusable   N/A       N/A         1
 Animate Armour           Summ/Erth      Unusable   N/A       N/A         4

Dungeon Overview and Level Annotations

Branches:
Dungeon (7/15)             Temple (1/1) D:5          Bailey (1/1)

Altars:
Cheibriados
Dithmenos
Elyvilon
Fedhas
Hepliaklqana
Makhleb
Okawaru
Qazlal
Ru
Sif Muna
Trog
Uskayaw
Vehumet
Wu Jian
Xom
Yredelemnul
Zin
The Shining One


Innate Abilities, Weirdness & Mutations

You have a pair of horns on your head.
You reflexively headbutt those who attack you in melee.


Message History

You kill the gnoll!
Okawaru accepts your kill.
No target in view!
No target in view!
No target in view!
No target in view!
There is an open door here.
You see here a +0 halberd of draining.
No target in view!
You open the door.
There is an open door here.
l - 3 potions of invisibility (gained 1)
You open the door.
There is an open door here.
You open the door.
A gnoll comes into view.
It is wielding a +1 halberd of draining.
The gnoll shouts!
The gnoll hits you from afar with a +1 halberd of draining.
You feel drained.
A gnoll is nearby!
A gnoll is nearby!
You block the gnoll's attack.
There is an open door here.
You completely miss the gnoll. The gnoll hits you but does no damage.
You feel drained.
You closely miss the gnoll. You headbutt the gnoll.
The gnoll is heavily wounded.
You block the gnoll's attack.
You slice the gnoll!!
You kill the gnoll!
Okawaru accepts your kill.
No target in view!
You see here a +1 halberd of draining.
No target in view!
You open the door.
An orc warrior and 2 gnolls come into view.
A gnoll is wielding a +1 halberd of draining.
The orc warrior is wielding a +1 halberd of electrocution.
A gnoll is wielding a +2 halberd of draining.
The gnoll shouts!
The orc warrior shouts!
The gnoll shouts!
Found seven items.
Found a coppery potion, 2 lumpy green potions and a potion of might.
The gnoll hits you from afar with a +2 halberd of draining!
You feel drained.
The orc warrior hits you from afar with a +1 halberd of electrocution.
There is an open door here.
There are monsters nearby!
The gnoll hits you but does no damage.
You feel drained.
The orc warrior hits you with a +1 halberd of electrocution.
You are electrocuted!
The gnoll closely misses you.
You see here a coppery potion.
The gnoll barely misses you.
The orc warrior hits you from afar with a +1 halberd of electrocution.
There is an open door here.
You see here a +1 halberd of draining.
There is an open door here.
The gnoll attacks as it pursues you! The gnoll hits you but does no damage.
You feel drained.
There is an open door here.
The gnoll attacks as it pursues you! The gnoll hits you but does no damage.
You feel drained. The gnoll barely misses you. You furiously retaliate!
You headbutt the gnoll!
There is an open door here.
You slash the gnoll!
You kill the gnoll!
Okawaru accepts your kill. The gnoll closely misses you.
You block the gnoll's attack.
The orc warrior hits you from afar with a +1 halberd of electrocution!
You are electrocuted!
You see here a +1 halberd of draining.
You slash the gnoll!
You kill the gnoll!
Okawaru accepts your kill.
The orc warrior hits you from afar with a +1 halberd of electrocution!
You are too injured to fight recklessly!
Okay, then.
The orc warrior misses you. You furiously retaliate!
You headbutt the orc warrior!
There is an open door, spattered with blood here.
Things that are here:
a +2 halberd of draining; a gnoll corpse You are too injured to fight recklessly!
You barely miss the orc warrior. Your headbutt misses the orc warrior.
The orc warrior is heavily wounded.
The orc warrior hits you with a +1 halberd of electrocution.
* * * LOW HITPOINT WARNING * * *
You barely miss the orc warrior. Your headbutt misses the orc warrior.
The orc warrior is heavily wounded.
The orc warrior barely misses you.
You hit the orc warrior but do no damage.
The orc warrior is heavily wounded.
The orc warrior hits you with a +1 halberd of electrocution.
* * * LOW HITPOINT WARNING * * *
You are electrocuted!
* * * LOW HITPOINT WARNING * * *
You slash the orc warrior! Your headbutt misses the orc warrior.
The orc warrior is almost dead.
The orc warrior hits you with a +1 halberd of electrocution.
* * * LOW HITPOINT WARNING * * *
You are electrocuted!
You die...

#.# ##.# +##+##+
#+##+##'##
#!.!.!# #.....##
#.!.!.# #.....#
+!.⌠.!+ +..⌠..+
#.!.!o# #.....#
#!.!.!## ##.....#
+##+##'###'##+##+
##o@)## #####


You could see an orc warrior.

Vanquished Creatures
  Pikel (D:6)
  Maggie (D:6)
  Prince Ribbit (D:6)
  A steam dragon (D:4)
  Menkaure (D:6)
  Edmund (D:4)
  A water moccasin (D:7)
  2 black bears
  A centaur (D:6)
  An ogre (D:5)
  A lemure (D:6)
  A phantom (D:4)
  Blork the orc (D:4)
  A kobold brigand (D:7)
  A bullfrog (D:7)
  A scorpion (D:6)
  3 wights (D:6)
  3 howler monkeys
  3 killer bees (D:7)
  A jelly (D:6)
  A gnoll bouda (D:5)
  5 orc priests
  6 hounds
  Ijyb (D:2)
  Jessica (D:2)
  An orc wizard (D:3)
  An iguana (D:4)
  Robin (D:4)
  15 gnolls
  10 adders
  2 shadow imps
  6 ufetubi
  3 ribbon worms
  A dart slug (D:1)
  21 orcs
  11 ball pythons
  7 bats
  12 endoplasms
  2 giant cockroaches
  16 goblins
  7 hobgoblins
  A quokka (D:4)
  3 frilled lizards
  17 kobolds
  6 rats
184 creatures vanquished.

Notes
Turn   | Place    | Note
-------+----------+-------------------------------------------
     0 | D:1      | Flugslaktarn the Minotaur Fighter began the quest for the
                  | Orb.
     0 | D:1      | Reached XP level 1. HP: 19/19 MP: 0/0
   135 | D:1      | Reached XP level 2. HP: 27/27 MP: 1/1
   144 | D:1      | Reached skill level 4 in Fighting
   417 | D:1      | Reached XP level 3. HP: 33/33 MP: 2/2
   782 | D:2      | Reached XP level 4. HP: 41/41 MP: 3/3
   979 | D:2      | Noticed Jessica
   983 | D:2      | Killed Jessica
  1191 | D:3      | Reached skill level 5 in Fighting
  1191 | D:3      | Reached XP level 5. HP: 31/48 MP: 4/4
  1355 | D:3      | Noticed Ijyb
  1479 | D:2      | Killed Ijyb
  1608 | D:3      | Reached XP level 6. HP: 40/56 MP: 5/5
  1668 | D:3      | Reached skill level 5 in Axes
  2191 | D:4      | Noticed Blork the orc
  2195 | D:4      | Killed Blork the orc
  2232 | D:4      | Reached skill level 6 in Fighting
  2237 | D:4      | Reached skill level 5 in Shields
  2250 | D:4      | Reached skill level 5 in Armour
  2365 | D:4      | Noticed Robin
  2371 | D:4      | Killed Robin
  2372 | D:4      | Reached XP level 7. HP: 63/63 MP: 6/6
  2462 | D:4      | Found a hide-covered altar of Uskayaw.
  2881 | D:4      | Noticed a steam dragon
  2888 | D:4      | Killed a steam dragon
  3196 | D:4      | Noticed Edmund
  3203 | D:4      | Killed Edmund
  3204 | D:4      | Reached skill level 7 in Fighting
  3311 | D:4      | Found a shimmering blue altar of Sif Muna.
  3524 | D:5      | Entered Level 5 of the Dungeon
  3529 | D:5      | Found a staircase to the Ecumenical Temple.
  3562 | Temple   | Entered the Ecumenical Temple
  3567 | Temple   | Became a worshipper of Warmaster Okawaru
  3621 | D:5      | Noticed a rust devil
  3684 | D:5      | Noticed an angel
  3815 | D:5      | Reached XP level 8. HP: 44/73 MP: 7/7
  4315 | D:5      | Found a glowing golden altar of the Shining One.
  4449 | D:6      | Reached * piety under Okawaru
  4450 | D:6      | Reached skill level 8 in Fighting
  4673 | D:6      | Reached skill level 1 in Invocations
  4747 | D:6      | Found a blossoming altar of Fedhas.
  4842 | D:6      | Noticed Menkaure
  4846 | D:6      | Killed Menkaure
  5200 | D:6      | Noticed Pikel
  5207 | D:6      | Killed Pikel
  5207 | D:6      | Reached ** piety under Okawaru
  5208 | D:6      | Reached skill level 9 in Fighting
  5208 | D:6      | Reached XP level 9. HP: 69/83 MP: 9/9
  5656 | D:6      | Noticed Maggie
  5665 | D:6      | Killed Maggie
  5726 | D:6      | Noticed Prince Ribbit
  5731 | D:6      | Killed Prince Ribbit
  5962 | D:7      | Reached *** piety under Okawaru
  6255 | D:7      | Found a flagged portal.
  6264 | Bailey   | Entered a bailey
  6278 | Bailey   | Reached skill level 10 in Fighting
  6477 | Bailey   | HP: 3/77 [orc warrior/+1 halberd of electrocution (6)]
  6477 | Bailey   | Mangled by an orc warrior

Illustrated notes

Levels and vault maps discovered:
D:1:      zelgadis_glass_arrival_small, layout_basic
D:2:      layout_rooms, minmay_splitting_lines, uniq_jessica
D:3:      layout_rooms, st_stairs_12, solitary_fountain,
          nicolae_twisty_statue_hallways, uniq_ijyb
D:4:      layout_loops_corners, lemuel_blue_sif_altar, amcnicky_altar_gilded,
          uniq_robin, uniq_edmund, uniq_blork_the_orc
D:5:      layout_loops_ring, tso_oasis_becter, temple_garden
D:6:      layout_basic, mainiacjoe_overflow_24_doors,
          cheibrodos_sewer_entry_bend, uniq_maggie, uniq_prince_ribbit1,
          uniq_pikel, uniq_menkaure
D:7:      layout_rooms, grunt_temple_overflow_opulence, enter_bailey_8,
          uniq_duvessa
Temple:   nicolae_temple_bog_church
Bailey:   bailey_polearm_nasty_gnolls, bailey

Skill      XL: |  1  2  3  4  5  6  7  8  9 |
---------------+----------------------------+-----
Fighting       | 4 5 6 7 9 10 | 10.0
Axes           | 3 4 5 6 8 9 |  9.6
Shields        | 4 5 6 7 |  7.5
Armour         | 4 5 6 7 |  7.4
Invocations    | 2 3 |  3.2

Action                     |  1- 3 |  4- 6 |  7- 9 || total
---------------------------+-------+-------+-------++-------
  Melee: War axe           |    73 |    84 |   216 ||   373
         Headbutt          |     9 |     8 |    31 ||    48
    Use: Potion            |       |     5 |     2 ||     7
         Scroll            |       |     8 |     1 ||     9
   Stab: Invisible         |       |     5 |       ||     5
 Armour: Scale mail        |    50 |    27 |       ||    77
         Chain mail        |       |    40 |   195 ||   235
  Dodge: Dodged            |    33 |    39 |    98 ||   170
  Block: Buckler           |    21 |    18 |    52 ||    91

Table legend: (Time is in decaauts)
 A = Elapsed time spent in this place.
 B = Non-inter-level travel time spent in this place.
 C = Inter-level travel time spent in this place.
 D = Time resting spent in this place.
 E = Time spent auto-exploring this place.
 F = Levels seen in this place.
 G = Mean time per level.
                   A        B        C        D        E       F      G
               +--------+--------+--------+--------+--------+-----+--------+
         Total |   6567 |   6366 |    201 |    529 |   4791 |   9 |  729.7 |
       Dungeon |   6343 |   6146 |    197 |    424 |   4724 |   7 |  906.1 |
        Temple |     10 |      6 |      4 |      0 |      0 |   1 |   10.0 |
        Bailey |    213 |    213 |      0 |    105 |     67 |   1 |  213.0 |
               +--------+--------+--------+--------+--------+-----+--------+

Top non-repeatable levels by time:
     D:6: 1557 daAuts
     D:4: 1252 daAuts
     D:3: 912 daAuts
     D:5: 874 daAuts
     D:2: 777 daAuts
     D:1: 646 daAuts
     D:7: 323 daAuts
  Bailey: 213 daAuts
  Temple: 10 daAuts
